 Dungeon Crawl Stone Soup version 0.23.2-1-ga50397a6bc (webtiles) character file.

Game seed: 6917081436459891604

79 Mrkan the Chopper (level 4, 0/40 HPs)
             Began as a Hill Orc Monk on May 13, 2019.
             Slain by a rat (2 damage)
             ... on level 3 of the Dungeon.
             The game lasted 00:03:32 (1596 turns).

Mrkan the Chopper (Hill Orc Monk)                   Turns: 1596, Time: 00:03:32

Health: 0/40       AC:  6    Str: 14    XL:     4   Next: 38%
Magic:  4/4        EV: 10    Int: 10    God:
Gold:   39         SH:  0    Dex: 13    Spells: 3/3 levels left

rFire    . . .     SeeInvis .   a - +0 hand axe
rCold    . . .     Gourm    .   (no shield)
rNeg     . . .     Faith    .   i - +0 scale mail
rPois    .         Spirit   .   (helmet restricted)
rElec    .         Reflect  .   (no cloak)
rCorr    .         Harm     .   (no gloves)
MR       +....                  (no boots)
Stlth    ..........             (no amulet)
HPRegen  0.13/turn              (no ring)
MPRegen  0.09/turn              (no ring)

@: hasted, very quick
A: antennae 1, magic resistance 1
a: no special abilities


You were on level 3 of the Dungeon.
You were not hungry.

You visited 1 branch of the dungeon, and saw 3 of its levels.

You collected 39 gold pieces.

Inventory:

Hand Weapons
 a - a +0 hand axe (weapon)
Missiles
 f - 2 curare-tipped needles
Armour
 i - a +0 scale mail (worn)
Scrolls
 e - a scroll of fog {unknown}
 h - a scroll of teleportation {unknown}
 j - 2 scrolls of identify {unknown}
 k - 3 scrolls of remove curse {unknown}
Potions
 g - a potion of lignification {unknown}
Comestibles
 c - 5 rations


   Skills:
 - Level 4.2 Fighting
 * Level 5.6 Axes
 * Level 0.9 Armour
 - Level 2.7 Dodging
 - Level 1.6 Stealth


You had 3 spell levels left.
You didn't know any spells.
Your spell library was empty.

Dungeon Overview and Level Annotations

Branches:
Dungeon (3/15)

Altars:
Okawaru

Annotations:
D:2 Robin


Innate Abilities, Weirdness & Mutations

You have a pair of small antennae on your head.
You are resistant to hostile enchantments. (MR+)


Message History

The kobold shouts!
The hobgoblin shouts!
The jackal barks!
The frilled lizard hisses angrily.
You hear a shout!
You hear a bark!
There is a stone staircase leading up here.
A jackal comes into view.
The bat completely misses you.
It was a potion of haste.
You feel yourself speed up.
The jackal barks!
The bat closely misses you.
A jackal comes into view.
It was a potion of mutation.
You feel extremely strange.
You feel resistant to hostile enchantments.
A pair of antennae grows on your head!
The hobgoblin hits you but does no damage.
You hit the hobgoblin.
The hobgoblin is almost dead.
You hit the hobgoblin.
You kill the hobgoblin!
You hit the rat but do no damage. You hit the rat but do no damage.
The rat bites you.
You die...

### ...##..
... .......
... h......
#.. h......
#.#.l###.....
....K..bh..#
......K.g{.#
#r# #@# #r#
... ##.#.
#.#.# #.# #
..# ###


You could see 3 jackals, a hobgoblin, a bat, a kobold, a frilled lizard and 2
rats.

Vanquished Creatures
  A gnoll (D:1)
  2 adders (D:2)
  2 worms (D:2)
  2 dart slugs
  A leopard gecko (D:2)
  8 goblins
  5 hobgoblins
  4 jackals (D:2)
  3 kobolds
  A ball python (D:2)
  5 bats
  3 frilled lizards (D:1)
  3 rats
40 creatures vanquished.

Notes
Turn   | Place    | Note
-------+----------+-------------------------------------------
     0 | D:1      | Mrkan the Hill Orc Monk began the quest for the Orb.
     0 | D:1      | Reached XP level 1. HP: 19/19 MP: 1/1
   137 | D:1      | Reached XP level 2. HP: 2/27 MP: 2/2
   509 | D:1      | Reached XP level 3. HP: 16/33 MP: 3/3
  1148 | D:2      | Reached skill level 5 in Axes
  1224 | D:2      | Found an iron altar of Okawaru.
  1380 | D:2      | Reached XP level 4. HP: 16/40 MP: 4/4
  1556 | D:2      | Noticed Robin
  1589 | D:2      | HP: 1/40 [hobgoblin/+0 club[Robin] (3)]
  1593 | D:3      | Gained mutation: You are resistant to hostile enchantments.
                  | (MR+) [potion of mutation]
  1593 | D:3      | Gained mutation: You have a pair of small antennae on your
                  | head. [potion of mutation]
  1596 | D:3      | Slain by a rat

Skill      XL: |  1  2  3 |
---------------+----------+-----
Fighting       | 4 |  4.2
Axes           | 5 |  5.6
Armour         | |  0.9
Dodging        | |  2.7
Stealth        | |  1.6

Action                   |  1- 3 |  4- 6 || total
-------------------------+-------+-------++-------
Melee: Hand axe          |    92 |    47 ||   139
  Use: Potion            |       |     2 ||     2
 Stab: Sleeping          |     3 |       ||     3
  Eat: Chunk             |     1 |     1 ||     2
Armor: Robe              |    12 |       ||    12
       Scale mail        |    17 |    13 ||    30
Dodge: Dodged            |    79 |    23 ||   102
